 Dungeon Crawl Stone Soup version 0.15-a0-963-gb693d2a (webtiles) character file.

46 Iamburgie the Cudgeler (level 3, -1/23 HPs)
             Began as a Gargoyle Fighter on May 22, 2014.
             Slain by a worm (7 damage)
             ... on Level 2 of the Dungeon.
             The game lasted 00:03:47 (1211 turns).

Iamburgie the Cudgeler (Gargoyle Fighter)           Turns: 1211, Time: 00:03:48

HP  -1/23        AC 10     Str 19      XL: 3   Next: 68%
MP   3/3         EV  8     Int  8      God:
Gold 143         SH  0     Dex 10      Spells:  0 memorised,  2 levels left

rFire  . . .     SeeInvis .     a - +0 flail
rCold  . . .     Clarity  .     b - +0 scale mail
rNeg   + . .     Conserve .     (no shield)
rPois  +         rCorr    .     (no helmet)
rElec  +         rRot     +     (no cloak)
SustAb .         Spirit   .     (no gloves)
rMut   .         Warding  .     (no boots)
Gourm  .         Stasis   .     (no amulet)
MR     .....                    (no ring)
                                (no ring)

@: not resistant to hostile enchantments, extremely unstealthy
A: life protection 1, electricity resistance, unbreathing, petrification
resistance, AC +3
a: no special abilities


You were on level 2 of the Dungeon.
You were very hungry.

You visited 1 branch of the dungeon, and saw 2 of its levels.

You collected 143 gold pieces.

Inventory:

Hand weapons
 a - a +0,+0 flail (weapon)
Armour
 b - a +0 scale mail (worn)
 c - a +0 shield
Comestibles
 d - a bread ration
 j - a meat ration
Scrolls
 h - 4 scrolls of enchant weapon I {unknown}
 i - a scroll of magic mapping {unknown}
 l - 2 scrolls of teleportation {unknown}
 m - 2 scrolls of noise {unknown}
 n - a scroll of remove curse {unknown}
 p - a scroll of blinking {unknown}
 r - a scroll of identify {unknown}
 t - a scroll of amnesia {unknown}
Jewellery
 o - a +2 ring of dexterity {unknown}
Potions
 e - 2 potions of might
 f - 3 potions of flight {unknown}
 g - 3 potions of curing {unknown}
 k - a potion of restore abilities {unknown}
 s - 2 potions of poison {unknown}
 u - a potion of magic {unknown}
Books
 q - a Grand Grimoire {highlevel, unknown}

   This book is beyond your current level of understanding.

   Spells                             Type                      Level
   Aura of Abjuration                 Summoning                    6
   Forceful Dismissal                 Summoning                    6
   Haunt                              Necromancy/Summoning         7
   Summon Greater Demon               Summoning                    7
   Malign Gateway                     Summoning/Translocation      7
   Summon Horrible Things             Summoning                    8


   Skills:
 - Level 3.2 Fighting
 + Level 4.1 Maces & Flails
 - Level 3.2 Armour
 - Level 0.7 Dodging
 - Level 3.2 Shields


You had 2 spell levels left.
You didn't know any spells.

Dungeon Overview and Level Annotations

Branches:
Dungeon (2/15)

Altars:


Innate Abilities, Weirdness & Mutations

You are resistant to torment.
You are immune to poison.
You are immune to rotting.
Your stone body is very resilient (AC +3).
You resist negative energy.
You are resistant to electric shocks.
You can survive without breathing.
You are immune to petrification.


Message History

The worm is lightly wounded.
You hit the worm.
The worm is moderately wounded.
The worm bites you but does no damage.
You barely miss the worm.
The worm is moderately wounded.
The worm bites you but does no damage.
You sock the worm!
The worm is heavily wounded.
You sock the worm!
The worm is almost dead.
The worm bites you.
You hit the worm.
The worm is almost dead.
The worm bites you.
* * * LOW HITPOINT WARNING * * *
You hit the worm but do no damage.
The worm is almost dead.
The worm bites you!
You die...

..# #.# '######### #.#
.........# ##.#
.........# #..#
.........# ####.###
.........# #......#
.........# #.%....#
.........######......#
.........#......@w...#
.........'.####......#
.....)...### #####.##
##..###### #..#
##.###### #.##
........# ##.#
........# #..#
%.......#########.#####
%.......'..##.........#


You could see a worm.

Vanquished Creatures
  An adder (D:2)
  A giant gecko (D:1)
  7 bats
  7 goblins
  3 hobgoblins
  7 kobolds
  A ball python (D:1)
  2 giant newts (D:1)
  3 rats
32 creatures vanquished.

Notes
Turn   | Place    | Note
--------------------------------------------------------------
     0 | D:1      | Iamburgie, the Gargoyle Fighter, began the quest for the Orb.
     0 | D:1      | Reached XP level 1. HP: 14/14 MP: 1/1
    16 | D:1      | Noticed a shark
   198 | D:1      | Reached XP level 2. HP: 19/19 MP: 2/2
   730 | D:2      | Reached XP level 3. HP: 23/23 MP: 3/3
   917 | D:2      | Reached skill level 4 in Maces & Flails
  1211 | D:2      | Slain by a worm

Action                   || total
-------------------------++-------
Melee: Flail             ||   109
